 Dungeon Crawl Stone Soup version 0.18-a0-1250-g928b01e (webtiles) character file.

211 Jarlyk2 the Cutter (level 5, -3/38 HPs)
             Began as a Demonspawn Skald on Feb 2, 2016.
             Slain by an orc priest
             ... wielding a +0 flail
              (7 damage)
             ... on level 5 of the Dungeon.
             The game lasted 00:08:05 (3766 turns).

Jarlyk2 the Cutter (Demonspawn Skald)               Turns: 3766, Time: 00:08:05

Health: -3/38      AC:  6    Str: 13    XL:     5   Next: 57%
Magic:  0/8        EV: 16    Int: 14    God:
Gold:   144        SH:  0    Dex: 17    Spells: 3 memorised, 3 levels left

rFire  . . .     SeeInvis .     a - +0 short sword
rCold  . . .     Gourm    .     b - +0 leather armour
rNeg   . . .     Faith    .     (no shield)
rPois  .         Spirit   .     (no helmet)
rElec  .         Dismiss  .     (no cloak)
rCorr  .         Reflect  .     t - +0 pair of gloves
SustAt .         Harm     .     (no boots)
MR     .....                    (no amulet)
Stlth  ++........               (no ring)
                                (no ring)

@: agile, infused (expiring), very slightly contaminated, hasted, very quick,
not resistant to hostile enchantments, unstealthy
A: claws 1, thin metallic scales 1, powered by pain 1
a: no special abilities


You were on level 5 of the Dungeon.
You were hungry.

You visited 1 branch of the dungeon, and saw 4 of its levels.

You collected 144 gold pieces.

Inventory:

Hand Weapons
 a - a +0 short sword (weapon)
Missiles
 j - 3 curare-tipped needles
 m - a throwing net (quivered)
 w - 2 needles of confusion
Armour
 b - a +0 leather armour (worn)
 t - a +0 pair of gloves (worn)
Jewellery
 n - an uncursed ring of protection from magic {unknown}
 p - a +4 ring of intelligence {unknown}
 z - an uncursed ring of resist corrosion {unknown}
Wands
 y - a wand of flame (24/48)
Scrolls
 e - a scroll of teleportation {unknown}
 f - 3 scrolls of remove curse {unknown}
 h - a scroll of noise {unknown}
 l - a scroll of enchant armour {unknown}
 q - a scroll of amnesia {unknown}
 r - 3 scrolls of identify {unknown}
Potions
 i - 3 potions of curing
 k - a potion of cure mutation
 s - a potion of brilliance {unknown}
 u - a potion of lignification {unknown}
 v - a potion of cancellation {unknown}
 x - a potion of might {unknown}
Books
 c - a book of Battle

   Spells                             Type                      Level
   a - Infusion                       Charms                       1
   b - Shroud of Golubria             Charms/Translocation         2
   c - Song of Slaying                Charms                       2
   d - Spectral Weapon                Hexes/Charms                 3
   e - Regeneration                   Charms/Necromancy            3
Comestibles
 d - 2 bread rations
 g - 2 beef jerkies


   Skills:
 - Level 2.0 Fighting
 + Level 5.3 Short Blades
 - Level 0.8 Armour
 - Level 0.8 Dodging
 - Level 2.0 Spellcasting
 - Level 2.6 Charms


You had 3 spell levels left.
You knew the following spells:

 Your Spells              Type           Power        Failure   Level  Hunger
a - Infusion              Chrm           #...         12%         1    ##.....
b - Song of Slaying       Chrm           #.......     17%         2    ###....
c - Shroud of Golubria    Chrm/Tloc      #.........   30%         2    ###....


Dungeon Overview and Level Annotations

Branches:
Dungeon (3/15)

Altars:
Xom
The Shining One


Innate Abilities, Weirdness & Mutations

You have sharp fingernails.
You are partially covered in thin metallic scales (AC +2).
You sometimes gain a little power by taking damage.


Message History

Deactivating autopickup; reactivate with Ctrl-A.
Drink which item? (? for menu, Esc to quit)
It was a potion of haste.
You feel yourself speed up. The hound barely misses you.
The orc priest hits you with a flail.
* * * LOW HITPOINT WARNING * * *
The hound misses you.
You are very lightly contaminated with residual magic.
You hit the orc priest.
The orc priest is lightly wounded.
The orc priest hits you but does no damage.
The hound bites you but does no damage.
You hit the orc priest but do no damage.
The orc priest is lightly wounded.
You hit the orc priest but do no damage.
The orc priest is lightly wounded.
The hound closely misses you.
You closely miss the orc priest.
The orc priest is lightly wounded.
The orc priest hits you with a flail!
You die...

#. .. #.## # #...
...#.#####..#
#.....(.##... ####
.....##h# #.#######
#... ... #@#
#.......# #... #
##o###.#####.###..#
#.{.....# #.......
#..###.## #####..#
.....# #.# #...
#####.# #.# ####
#.# #.# ..# #.# ###
#.#


You could see a hound and an orc priest.

Vanquished Creatures
  A centaur zombie (D:5)
  A centaur skeleton (D:5)
  Jessica (D:3)
  5 adders
  A worm (D:3)
  6 giant geckos
  An orc (D:5)
  9 bats
  A giant cockroach (D:1)
  10 goblins
  6 hobgoblins
  6 jackals
  A ball python (D:1)
  4 giant newts (D:1)
  5 kobolds
  A quokka zombie (D:5)
  14 rats
73 creatures vanquished.

Notes
Turn   | Place    | Note
--------------------------------------------------------------
     0 | D:1      | Jarlyk2 the Demonspawn Skald began the quest for the Orb.
     0 | D:1      | Reached XP level 1. HP: 16/16 MP: 3/3
   193 | D:1      | Gained mutation: You are partially covered in thin metallic scales (AC +2). [demonic ancestry]
   193 | D:1      | Reached XP level 2. HP: 16/22 MP: 1/5
   440 | D:1      | Learned a level 2 spell: Song of Slaying
   443 | D:1      | Learned a level 2 spell: Shroud of Golubria
   532 | D:1      | Reached skill level 3 in Short Blades
   778 | D:1      | Gained mutation: You sometimes gain a little power by taking damage. [demonic ancestry]
   778 | D:1      | Reached XP level 3. HP: 24/27 MP: 6/6
  1612 | D:2      | Found a faded altar to an unknown god.
  2066 | D:2      | Reached XP level 4. HP: 30/33 MP: 7/7
  2190 | D:2      | Reached skill level 4 in Short Blades
  2587 | D:3      | Found a shimmering altar of Xom.
  2587 | D:3      | Found a shimmering altar of Xom.
  2587 | D:3      | Found a shimmering altar of Xom.
  2587 | D:3      | Found a shimmering altar of Xom.
  2593 | D:3      | Found a shimmering altar of Xom.
  3032 | D:3      | Noticed Jessica
  3059 | D:3      | Killed Jessica
  3095 | D:3      | Found a glowing golden altar of the Shining One.
  3227 | D:3      | Gained mutation: You have sharp fingernails. [demonic ancestry]
  3227 | D:3      | Reached XP level 5. HP: 28/38 MP: 2/8
  3436 | D:3      | Found a shimmering altar of Xom.
  3440 | D:3      | Found a shimmering altar of Xom.
  3448 | D:3      | You fall through a shaft for 2 floors!
  3448 | D:5      | Entered Level 5 of the Dungeon
  3470 | D:5      | Reached skill level 5 in Short Blades
  3766 | D:5      | Slain by an orc priest

Vault maps used:
D:1:      mrwooster_arrival_statue, roderic_nine_men_s_morris,
          minmay_misc_feat_secret_circle, kennysheep_another_room,
          minmay_bisected
D:2:      ecumenical_altar_1, minmay_misc_feat_alley, hangedman_glass_teeth
D:3:      xom_redecorated, tso_metal_star, uniq_jessica
D:5:      amethyst_overflow_temple_binary, first_bread

Action                   |  1- 3 |  4- 6 || total
-------------------------+-------+-------++-------
Melee: Short sword       |   165 |   159 ||   324
 Cast: Infusion          |     2 |     7 ||     9
       Shroud of Golubri |       |     4 ||     4
       Song of Slaying   |       |     2 ||     2
  Use: Potion            |       |     3 ||     3
  Eat: Chunk             |     4 |     5 ||     9
